 Dungeon Crawl Stone Soup version 0.30.0-29-ga12c61a403 (webtiles) character file.

Game seed: 17824775176568191058

22 hawla the Firebug (level 3, -3/26 HPs)
             Began as a Meteoran Fire Elementalist on June 24, 2023.
             Slain by an ice beast (10 damage)
             ... on level 3 of the Dungeon.
             The game lasted 00:01:37 (398 turns).

hawla the Firebug (Meteoran Fire Elementalist)       Turns: 398, Time: 00:01:37

Health: -3/26      AC:  2    Str:  9    XL:     3   Next: 23%
Magic:  1/8        EV: 12    Int: 18    God:
Gold:   30         SH:  0    Dex: 15    Spells: 5/8 levels left

rFire   . . .        (no weapon)
rCold   . . .        (no shield)
rNeg    . . .        a - +0 robe
rPois   .            (no helmet)
rElec   .            (no cloak)
rCorr   .            (no gloves)
SInv    .            (no boots)
Will    .....        (no amulet)
Stlth   +            (no ring)
HPRegen 0.24/turn    (no ring)
MPRegen 0.11/turn

%: no passive effects
@: glowing
A: sense surroundings 1, otherworldly, glowing, explore regen
a: no special abilities


You were on level 3 of the Dungeon.
You visited 1 branch of the dungeon, and saw 3 of its levels.

You collected 30 gold pieces.

Inventory:

Armour
 a - a +0 robe (worn)
Scrolls
 c - a scroll of summoning {unknown}
 d - 2 scrolls of noise {unknown}
 e - 3 scrolls of identify {unknown}
 f - 2 scrolls of fear {unknown}
 g - a scroll of enchant weapon {unknown}
 h - a scroll of amnesia {unknown}
Potions
 b - 2 potions of magic
 i - 2 potions of lignification {unknown}


   Skills:
 + Level 2.6 Dodging
 - Level 1.4 Stealth
 + Level 3.3 Spellcasting
 + Level 1.3 Conjurations
 + Level 4.2 Fire Magic


You had 5 spell levels left.
You knew the following spells:

 Your Spells              Type           Power      Damage    Failure   Level
a - Foxfire               Conj/Fire      52%        2x1d6     4%          1
b - Scorch                Fire           36%        2d7       4%          2

Your spell library contained the following spells:

 Spells                   Type           Power      Damage    Failure   Level
 Inner Flame              Hex/Fire       10%        N/A       21%         3
 Volatile Blastmotes      Fire/Tloc      20%        2d11      21%         3
 Flame Wave               Conj/Fire      13%        2d6       45%         4


Dungeon Overview and Level Annotations

Branches:
Dungeon (3/15) Zot: 1401

Altars:


Innate Abilities, Weirdness & Mutations

You passively map a small area around you.
You are easily found by Zot.
You glow in the dark.
You regain HP and MP as you explore.


Message History

e - 3 scrolls labelled KUCVYP QIYSMY (gained 1)
Your foxfire dissipates!
Found a ring mail.
Magic restored.
d - 2 scrolls labelled GATEES ARO (gained 1)
i - 2 ruby potions An ice beast comes into view.
Casting: Foxfire (safe; 4% risk of failure)
Confirm with . or Enter, or press ? or * to list all spells.
You conjure some foxfire!
Casting: Foxfire (safe; 4% risk of failure)
Confirm with . or Enter, or press ? or * to list all spells.
Flames lash the ice beast.
The ice beast melts!
The ice beast is lightly wounded.
The ice beast's fire resistance burns away.
The foxfire hits the ice beast but does no damage.
The ice beast is lightly wounded.
The foxfire hits the ice beast but does no damage.
The ice beast is lightly wounded.
Casting: Scorch (safe; 4% risk of failure)
Confirm with . or Enter, or press ? or * to list all spells.
You conjure some foxfire!
Casting: Foxfire (safe; 4% risk of failure)
Confirm with . or Enter, or press ? or * to list all spells.
Flames lash the ice beast.
The ice beast melts!
The ice beast is heavily wounded.
The foxfire hits the ice beast but does no damage.
The ice beast is heavily wounded.
The foxfire hits the ice beast but does no damage.
The ice beast is heavily wounded.
The ice beast hits you. The ice beast freezes you!
Casting: Scorch (safe; 4% risk of failure)
Confirm with . or Enter, or press ? or * to list all spells.
Flames lash the ice beast.
The ice beast is heavily wounded.
A rat comes into view.
The ice beast hits you.
* * * LOW HITPOINT WARNING * * *
The ice beast freezes you!
You die...

.##.##........#
.............# ,
###.#.###...#* *
...........# *
####..#.##.# *
......#....# * . * *
......####.# ######r.. *
......####.#####........
................@Y......,
,
......####.#####!.......
......# #.# #####....
......# #.# ,... ,
####### *#.# * , . , ,
..# , ** * ### ,, ,, ,


You could see an ice beast (combustible) and a rat.

Vanquished Creatures
  An adder (D:2)
  A ball python (D:3)
  An endoplasm (D:1)
  A giant cockroach (D:1)
  2 goblins
  3 kobolds (D:1)
  A quokka (D:2)
  A rat (D:2)
11 creatures vanquished.

Vanquished Creatures (others)
  34 foxfires
34 creatures vanquished.

Grand Total: 45 creatures vanquished

Notes
Turn   | Place    | Note
-------+----------+-------------------------------------------
     0 | D:1      | hawla the Meteoran Fire Elementalist began the quest for
                  | the Orb.
     0 | D:1      | Reached XP level 1. HP: 14/14 MP: 5/5
   102 | D:1      | Reached XP level 2. HP: 19/20 MP: 4/7
   105 | D:1      | Learned a level 2 spell: Scorch
   335 | D:2      | Reached skill level 4 in Fire Magic
   340 | D:2      | Reached XP level 3. HP: 26/26 MP: 2/8
   392 | D:3      | Noticed an ice beast
   398 | D:3      | Slain by an ice beast

Illustrated notes

Levels and vault maps discovered:
D:1:      elethiomel_arrival_fortress_basement, layout_loops_cross,
          serial_shops, shop_statue
D:2:      layout_basic, basic_altar, uniq_terence, uniq_sigmund, uniq_robin
D:3:      layout_loops_cross, grunt_temple_overflow_open, nrook_loot_triangle

Skill      XL: |  1  2 |
---------------+-------+-----
Spellcasting   | 3 |  3.3
Fire Magic     | 4 |  4.2
Dodging        | |  2.6
Stealth        | |  1.4
Conjurations   | |  1.3

Action                     || total
---------------------------++-------
   Cast: Foxfire           ||    20
         Scorch            ||     3
  Dodge: Dodged            ||     2
